 Dungeon Crawl Stone Soup version 0.30.1-3-gfc49f6343a (webtiles) character file.

Game seed: 8717955745550834747

20 Peloso the Covered (level 2, 24/24 HPs)
             Began as a Minotaur Fighter on Aug 1, 2023.
             Got out of the dungeon alive.
             The game lasted 00:01:40 (531 turns).

Peloso the Covered (Minotaur Fighter)                Turns: 531, Time: 00:01:41

Health: 24/24      AC: 11    Str: 18    XL:     2   Next: 58%
Magic:  1/1        EV:  5    Int:  8    God:
Gold:   62         SH:  5    Dex: 12    Spells: 1/1 levels left

rFire   . . .        a - +0 long sword
rCold   . . .        c - +0 buckler
rNeg    . . .        h - +0 plate armour
rPois   .            (helmet restricted)
rElec   .            (no cloak)
rCorr   .            (no gloves)
SInv    .            (no boots)
Will    .....        (no amulet) Stlth
                     (no ring)
HPRegen 0.24/turn    (no ring)
MPRegen 0.07/turn

%: no passive effects
@: no status effects
A: horns 2, retaliatory headbutt, agile 1, clever 1, frail 1
a: no special abilities


You escaped.
You visited 1 branch of the dungeon, and saw 1 of its levels.

You collected 62 gold pieces.

Inventory:

Hand Weapons
 a - a +0 long sword (weapon)
Armour
 b - a +0 scale mail
 c - a +0 buckler (worn)
 h - a +0 plate armour (worn)
Jewellery
 j - a +5 ring of evasion
Scrolls
 e - a scroll of identify {unknown}
 g - a scroll of amnesia {unknown}
Potions
 d - a potion of might


   Skills:
 + Level 4.0 Fighting
 + Level 2.7 Long Blades
 + Level 4.1 Armour
 + Level 3.9 Shields


You had one spell level left.
You didn't know any spells.
Your spell library contained the following spells:

 Spells                   Type           Power      Damage    Failure   Level
 Hailstorm                Conj/Ice       0%         3d3       100%        3
 Summon Guardian Golem    Hex/Summ       0%         N/A       100%        3
 Ice Form                 Ice/Tmut       0%         N/A       100%        4
 Simulacrum               Ice/Necr       0%         N/A       100%        6
 Orb of Destruction       Conj           0%         9d5       100%        7
 Spellforged Servitor     Conj/Summ      0%         N/A       100%        7


Dungeon Overview and Level Annotations

Branches:
Dungeon (1/15)

Altars:


Innate Abilities, Weirdness & Mutations

You have a pair of horns on your head.
You reflexively headbutt those who attack you in melee.
You are agile. (Dex +4, Str/Int -1)
Your mind is acute. (Int +4, Str/Dex -1)
You are frail. (-10% HP)


Message History

The goblin shouts!
A goblin is nearby!
A goblin is nearby!
A goblin is nearby!
The goblin hits you with a +0 club.
You miss the goblin. You headbutt the goblin.
The goblin is moderately wounded.
The goblin hits you with a +0 club. The goblin hits you but does no damage.
You hit the goblin.
You kill the goblin!
Your Fighting skill increases to level 4!
Things that are here:
a +0 club; a goblin corpse It was a potion of brilliance.
You feel clever all of a sudden.
It was a potion of mutation.
You feel extremely strange.
Iridescent scales grow over part of your body.
You feel less encumbered by your armour.
You feel strong-willed.
Really quaff the potion of mutation?
You feel extremely strange.
Your iridescent scales disappear.
You no longer feel strong-willed.
You feel more encumbered by your armour.
You feel clever.
You feel agile.
You feel frail.
Unknown command.
(D) Dungeon
Where to? (? - help)
What level of the Dungeon? (default 1, ? - help)
Things that are here:
a +0 club; a goblin corpse You see here a +0 club.
You see here 6 poisoned darts.
You feel a little less clever now.
Things that are here:
a +0 whip; 5 stones; a kobold skeleton
There is an open door here.
There is a large open door here.
There is a staircase leading out of the dungeon here.
Are you sure you want to leave the Dungeon?
This will make you lose the game!
You have escaped!

#PP~≈≈~.P#
#PP~≈≈≈~.#
#PP~≈≈~.##
#≈~~≈≈.##
#≈≈≈≈~.~#
#P~≈≈~~.#
#≈~≈~~.~#
#≈≈≈~..###
#P~~≈~P.@#
##########


There were no monsters in sight!

Vanquished Creatures
  3 bats (D:1)
  An endoplasm (D:1)
  2 goblins (D:1)
  2 hobgoblins (D:1)
  A kobold (D:1)
  2 quokkas (D:1)
  A ball python (D:1)
  A frilled lizard (D:1)
  6 rats (D:1)
19 creatures vanquished.

Notes
Turn   | Place    | Note
-------+----------+-------------------------------------------
     0 | D:1      | Peloso the Minotaur Fighter began the quest for the Orb.
     0 | D:1      | Reached XP level 1. HP: 19/19 MP: 0/0
   192 | D:1      | Reached XP level 2. HP: 27/27 MP: 1/1
   416 | D:1      | Gained mutation: You are partially covered in iridescent
                  | scales. (AC +2) [potion of mutation]
   416 | D:1      | Gained mutation: Your movements are slightly less
                  | encumbered by armour. (ER -2) [potion of mutation]
   416 | D:1      | Gained mutation: You are strong-willed. (Will+) [potion of
                  | mutation]
   420 | D:1      | Lost mutation: You are partially covered in iridescent
                  | scales. (AC +2) [potion of mutation]
   420 | D:1      | Lost mutation: You are strong-willed. (Will+) [potion of
                  | mutation]
   420 | D:1      | Lost mutation: Your movements are slightly less encumbered
                  | by armour. (ER -2) [potion of mutation]
   420 | D:1      | Gained mutation: Your mind is acute. (Int +4, Str/Dex -1)
                  | [potion of mutation]
   420 | D:1      | Gained mutation: You are agile. (Dex +4, Str/Int -1)
                  | [potion of mutation]
   420 | D:1      | Gained mutation: You are frail. (-10% HP) [potion of
                  | mutation]
   531 | D:$      | Got out of the dungeon alive.

Illustrated notes

Levels and vault maps discovered:
D:1:      lightli_arrival_windingriver, layout_basic, minivault_25

Skill      XL: |  1  2 |
---------------+-------+-----
Armour         | 4 |  4.1
Fighting       | 4 |  4.0
Long Blades    | |  2.7
Shields        | |  3.9

Action                     || total
---------------------------++-------
  Melee: Long sword        ||    42
         Headbutt          ||    10
    Use: Potion            ||     3
 Armour: Scale mail        ||    20
         Plate armour      ||    13
  Dodge: Dodged            ||    21
  Block: Buckler           ||    10
